 Dungeon Crawl Stone Soup version 0.29.1-1-gd02db6906a (webtiles) character file.

Game seed: 6789958423492090751

41 fireball365 the Trooper (level 3, 0/33 HPs)
             Began as a Minotaur Fighter on Oct 10, 2022.
             Was a Follower of Trog.
             Succumbed to an adder's poison
             ... on level 2 of the Dungeon.
             The game lasted 00:05:47 (1167 turns).

fireball365 the Trooper (Minotaur Fighter)          Turns: 1167, Time: 00:05:47

Health: 0/33       AC:  9    Str: 26    XL:     3   Next: 32%
Magic:  2/2        EV:  8    Int:  7    God:    Trog [*.....]
Gold:   47         SH:  4    Dex:  9    Spells: 2/2 levels left

rFire   . . .      SeeInvis .   a - +0 war axe
rCold   + . .      Faith    .   c - +0 buckler
rNeg    . . .      Spirit   .   q - +0 chain mail
rPois   .          Reflect  .   (helmet restricted)
rElec   .          Harm     .   (no cloak)
rCorr   .          Rampage  .   (no gloves)
Will    .....                   (no boots)
Stlth   ..........              (no amulet)
HPRegen 0.11/turn               g - +6 ring of strength
MPRegen 0.08/turn               p - ring of protection from cold

@: mighty, lethally poisoned (0 -> -4)
A: horns 2, retaliatory headbutt
a: Renounce Religion, Berserk


You were on level 2 of the Dungeon.
You worshipped Trog.
Trog was aware of your devotion.
You visited 1 branch of the dungeon, and saw 2 of its levels.

You collected 47 gold pieces.

Inventory:

Hand Weapons
 a - a +0 war axe (weapon)
 j - a +0 mace
Missiles
 o - 6 stones (quivered)
Armour
 b - a +0 scale mail
 c - a +0 buckler (worn)
 q - a +0 chain mail (worn)
Magical Staves
 h - a staff of earth
Jewellery
 g - a +6 ring of strength (left hand)
 p - a ring of protection from cold (right hand)
Scrolls
 f - 7 scrolls of identify {unknown}
 i - a scroll of magic mapping {unknown}
 k - a scroll of teleportation {unknown}
 r - a scroll of torment {unknown}
Potions
 e - a potion of mutation {unknown}
 l - a potion of lignification {unknown}
 m - a potion of degeneration {unknown}
 n - 2 potions of resistance {unknown}


   Skills:
 + Level 4.1 Fighting
 + Level 3.2 Axes
 + Level 4.1 Armour
 + Level 4.0 Shields


You had 2 spell levels left.
You didn't know any spells.
Your spell library was empty.

Dungeon Overview and Level Annotations

Branches:
Dungeon (2/15)

Altars:
Trog

Annotations:
D:2 Jessica


Innate Abilities, Weirdness & Mutations

You have a pair of horns on your head.
You reflexively headbutt those who attack you in melee.


Message History

You are poisoned.
The adder poisons you! The kobold completely misses you.
You furiously retaliate!
You headbutt the kobold, but do no damage.
Jessica mumbles some strange words.
Jessica blinks!
You barely miss the kobold.
The kobold is moderately wounded.
You slash Jessica! You closely miss the adder.
You feel sick. You block the adder's attack.
Jessica hits you but does no damage. The kobold completely misses you.
The adder closely misses you. You block Jessica's attack.
You slash the kobold!
You kill the kobold!
Trog accepts your kill.
You barely miss the adder. You closely miss Jessica.
You feel sick. Jessica barely misses you. The adder closely misses you.
Jessica mumbles some strange words.
Jessica blinks!
The adder bites you but does no damage. Jessica attacks as you move away!
You block Jessica's attack.
You feel sick. The adder bites you.
You are more poisoned.
The adder poisons you!
Things that are here:
a +0 short sword; a frilled lizard corpse Jessica attacks as you move away!
Jessica hits you but does no damage. The adder attacks as you move away!
The adder bites you but does no damage.
You feel sick. You block Jessica's attack.
You hit Jessica.
Jessica is almost dead.
You feel sick.
Jessica points at you and mumbles some strange words.
Pain shoots through your body!
* * * LOW HITPOINT WARNING * * *
Jessica hits you with a +2 dagger of speed.
* * * LOW HITPOINT WARNING * * *
Jessica hits you with a +2 dagger of speed.
* * * LOW HITPOINT WARNING * * *
You feel very mighty all of a sudden.
You die...

#.##............<......
.....#.............S..>
#.##.##.###.#...#.###.#
# .....# #.#...#.# #
##.#### # #...#.# # #.#
#.#...#.# # #.#...#.#
### #.......# ..
###.@.### # #######@##
# .......S.# #
.###.......# #.#...#.#
#.#..##.# # #... . #.##
# ..


You could see an adder and Jessica (fast).

Vanquished Creatures
  An adder (D:2)
  3 dart slugs
  3 ball pythons
  2 bats
  3 endoplasms (D:1)
  2 giant cockroaches (D:1)
  A hobgoblin (D:1)
  A frilled lizard (D:2)
  4 goblins (D:1)
  4 kobolds
  A rat (D:1)
25 creatures vanquished.

Vanquished Creatures (others)
  10 plants (D:2)
10 creatures vanquished.

Grand Total: 35 creatures vanquished

Notes
Turn   | Place    | Note
-------+----------+-------------------------------------------
     0 | D:1      | fireball365 the Minotaur Fighter began the quest for the
                  | Orb.
     0 | D:1      | Reached XP level 1. HP: 19/19 MP: 0/0
   146 | D:1      | Reached XP level 2. HP: 21/27 MP: 1/1
   836 | D:1      | You fall into a shaft and drop 1 floor!
   998 | D:2      | Found a faded altar of an unknown god.
  1045 | D:2      | Prayed at the altar of an unknown god.
  1045 | D:2      | Became a worshipper of Trog the Wrathful
  1045 | D:2      | Reached * piety under Trog
  1112 | D:2      | Reached XP level 3. HP: 33/33 MP: 2/2
  1140 | D:2      | Noticed Jessica
  1166 | D:2      | HP: 1/33 [Jessica/+2 dagger of speed (2)]
  1167 | D:2      | Succumbed to an adder's poison

Illustrated notes

Levels and vault maps discovered:
D:1:      matt_arrival_los_fun, layout_basic, roderic_cross_of_infinity
D:2:      layout_loops_cross, dilly_ecumenical_altar_fadedgnrine, basic_altar,
          uniq_crazy_yiuf_cottage, uniq_jessica, uniq_terence

Skill      XL: |  1  2  3 |
---------------+----------+-----
Fighting       | 4 |  4.1
Armour         | 4 |  4.1
Axes           | 3 |  3.2
Shields        | 4 |  4.0

Action                   || total
-------------------------++-------
Melee: War axe           ||    65
       Headbutt          ||    14
  Use: Potion            ||     1
Armor: Scale mail        ||    14
       Chain mail        ||    17
Dodge: Dodged            ||    33
Block: Buckler           ||    23
